 Dungeon Crawl Stone Soup version 0.19-a0-1206-g6bcb79c (webtiles) character file.

2478 inmateoo the Skirmisher (level 9, -2/93 HPs)
             Began as an Ogre Arcane Marksman on Aug 22, 2016.
             Was a Priest of Cheibriados.
             Slain by Joseph
             ... wielding a +0 quarterstaff
              (20 damage)
             ... on level 8 of the Dungeon.
             The game lasted 00:20:55 (9848 turns).

inmateoo the Skirmisher (Ogre Arcane Marksman)      Turns: 9848, Time: 00:20:55

Health: -2/93      AC:  5    Str: 29    XL:     9   Next: 51%
Magic:  19/19      EV: 17    Int: 26    God:    Cheibriados [***...]
Gold:   362        SH:  2    Dex: 22    Spells: 3 memorised, 3 levels left

rFire  + . .     SeeInvis .     a - +8 short sword "Voepem" {freeze, rElec rPois Str+2 Int+3}
rCold  . . .     Gourm    .     G - +2 robe {MR+}
rNeg   . . .     Faith    .     (no shield)
rPois  +         Spirit   .     (helmet restricted)
rElec  +         Dismiss  .     (no cloak)
rCorr  .         Reflect  +     (gloves unavailable)
MR     +....     Harm     .     (boots unavailable)
Stlth  +++.......               p - +2 amulet of reflection
                                E - +4 ring of intelligence
                                l - ring of magical power

@: agile, very slow
A: unfitting armour, fire resistance 1, tough skin 1
a: Bend Time, Temporal Distortion, Renounce Religion


You were on level 8 of the Dungeon.
You worshipped Cheibriados.
Cheibriados was most pleased with you.
You were not hungry.

You visited 1 branch of the dungeon, and saw 8 of its levels.

You collected 472 gold pieces.
You spent 110 gold pieces at shops.

Inventory:

Hand Weapons
 a - the +8 short sword "Voepem" (weapon) {freeze, rElec rPois Str+2 Int+3}
   (You found it on level 7 of the Dungeon)

   It has been specially enchanted to freeze those struck by it, causing extra
   injury to most foes and up to half again as much damage against particularly
   susceptible opponents.
   It can also slow down cold-blooded creatures.
   It affects your strength (+2).
   It affects your intelligence (+3).
   It insulates you from electricity.
   It protects you from poison.
 e - a +0 flail
 x - a +0 hunting sling
 y - a +2 short sword of draining
 z - a +0 whip of holy wrath
 F - a +2 whip of freezing
Missiles
 c - 3 large rocks
 d - 2 throwing nets
 i - 190 stones (quivered)
Armour
 k - a +0 large shield
 G - a +2 robe of magic resistance (worn)
Jewellery
 l - a ring of magical power (left hand)
 p - a +2 amulet of reflection (around neck)
 E - a +4 ring of intelligence (right hand)
Wands
 r - a wand of acid (6/15)
 D - a wand of paralysis (14/24)
 H - a wand of lightning (8/15)
Scrolls
 m - 5 scrolls of enchant armour
 t - a scroll of remove curse
 u - 4 scrolls of blinking
 w - a scroll of identify
 A - 2 scrolls of teleportation
 C - a scroll of magic mapping
Potions
 g - a potion of haste
 s - 6 potions of curing
 v - a potion of flight
 B - a potion of ambrosia
 J - a potion of berserk rage
Books
 b - a book of Debilitation

   Spells                             Type                      Level
   a - Corona                         Hexes                        1
   b - Slow                           Hexes                        2
   c - Gell's Gravitas                Hexes/Translocation          3
   d - Inner Flame                    Hexes/Fire                   3
   e - Cause Fear                     Hexes                        4
   f - Leda's Liquefaction            Hexes/Earth                  4
Comestibles
 f - 7 bread rations
 n - a meat ration
 o - 4 fruits
 q - 2 beef jerkies


   Skills:
 + Level 7.4 Fighting
 - Level 2.3 Maces & Flails
 + Level 7.4 Throwing
 + Level 3.2 Dodging
 - Level 2.0 Stealth
 * Level 6.1 Unarmed Combat
 - Level 1.2 Spellcasting
 - Level 2.1 Hexes
 + Level 2.5 Invocations


You had 3 spell levels left.
You knew the following spells:

 Your Spells              Type           Power        Failure   Level  Hunger
a - Corona                Hex            ##.....      6%          1    #......
b - Slow                  Hex            ##......     10%         2    ###....
c - Cause Fear            Hex            ##........   58%         4    #####..


Dungeon Overview and Level Annotations

Branches:
Dungeon (8/15)             Temple (0/1) D:6
   Lair: D:8-11

Altars:
Cheibriados
Gozag
Okawaru
Ru
Sif Muna
Yredelemnul
Zin
The Shining One

Shops:
D:7 *

Annotations:
D:4 exclusion: 3 downstairs
D:5 Menkaure; jakamitsu's ghost, novice MiBe
D:8 Joseph


Innate Abilities, Weirdness & Mutations

You are too large for most types of armour.
You have tough skin. (AC +1)
Your flesh is heat resistant. (rF+)


Message History

Joseph is severely wounded.
Joseph hits you with an uncursed quarterstaff!
You closely miss Joseph.
Joseph is severely wounded.
Joseph hits you with an uncursed quarterstaff!!
* * * LOW HITPOINT WARNING * * *
You are too injured to fight recklessly!
Unknown command.
You feel much better. You block Joseph's attack.
You barely miss Joseph.
Joseph is severely wounded.
Joseph hits you with an uncursed quarterstaff!
* * * LOW HITPOINT WARNING * * *
You feel agile all of a sudden.
Joseph says, "I've waited for this moment for such a long time."
Joseph hits you but does no damage.
You barely miss Joseph.
Joseph is severely wounded.
Joseph hits you with an uncursed quarterstaff!!
You die...

#.#.######## #.#
#.#.# #.# #.#.# #.#
#.#.# #.# #.#.# #.# #
#.#.###########.# #.
#.#.............#
#..##(###############
#..@@.# #..#### ....
####


You could see Joseph.

Vanquished Creatures
  Pikel (D:7)
  Duvessa (D:5)
  A slave (D:7)
  A sky beast (D:7)
  A black bear (D:7)
  A necrophage (D:8)
  2 ogres (D:7)
  2 centaurs (D:6)
  5 giant frogs
  A gnoll sergeant (D:3)
  Dowan (D:5)
  A scorpion (D:5)
  4 crimson imps
  A centaur zombie (D:5)
  A hound (D:5)
  2 jellies
  A giant frog skeleton (D:7)
  2 gnoll shamans (D:3)
  An iguana (D:5)
  An orc wizard (D:8)
  A worker ant (D:7)
  10 adders
  29 gnolls (D:3)
  A shadow imp (D:6)
  2 oozes
  2 dart slugs
  A worm (D:4)
  5 giant geckos
  4 orcs
  7 bats
  5 giant cockroaches
  8 goblins
  9 hobgoblins
  22 jackals
  13 kobolds
  2 quokkas
  3 ball pythons
  5 giant newts
  A quokka skeleton (D:7)
  10 rats
171 creatures vanquished.

Vanquished Creatures (others)
  2 slaves (D:7)
  A black bear (D:7)
  A giant frog (D:7)
  A giant newt (D:7)
  A bush (D:6)
6 creatures vanquished.

Grand Total: 177 creatures vanquished

Notes
Turn   | Place    | Note
-------+----------+-------------------------------------------
     0 | D:1      | inmateoo the Ogre Arcane Marksman began the quest for the Orb.
     0 | D:1      | Reached XP level 1. HP: 19/19 MP: 2/2
   535 | D:1      | Reached XP level 2. HP: 29/29 MP: 3/3
   539 | D:1      | Learned a level 2 spell: Slow
  1173 | D:1      | Reached XP level 3. HP: 18/37 MP: 4/4
  1802 | D:1      | Gained mutation: Your flesh is heat resistant. (rF+) [potion of beneficial mutation]
  2530 | D:2      | Reached XP level 4. HP: 39/46 MP: 5/5
  2692 | D:3      | Reached skill level 1 in Maces & Flails
  3188 | D:3      | Reached XP level 5. HP: 16/54 MP: 6/6
  3891 | D:4      | Found a deep blue altar of Sif Muna.
  3896 | D:4      | Found a glowing silver altar of Zin.
  3901 | D:4      | Found a sacrificial altar of Ru.
  3906 | D:4      | Found a snail-covered altar of Cheibriados.
  3910 | D:4      | Became a worshipper of Cheibriados the Contemplative
  4397 | D:5      | Entered Level 5 of the Dungeon
  4397 | D:5      | Noticed jakamitsu's ghost (novice MiBe)
  4448 | D:5      | Noticed Menkaure
  4448 | D:5      | Noticed Duvessa
  4448 | D:5      | Noticed Dowan
  4658 | D:3      | Reached skill level 1 in Unarmed Combat
  4803 | D:3      | Reached XP level 6. HP: 44/63 MP: 7/7
  4888 | D:3      | Reached * piety under Cheibriados
  5156 | D:4      | Learned a level 4 spell: Cause Fear
  5472 | D:3      | Reached skill level 5 in Fighting
  5587 | D:3      | Reached XP level 7. HP: 29/72 MP: 8/8
  5885 | D:3      | Reached skill level 5 in Throwing
  6254 | D:3      | Reached ** piety under Cheibriados
  6500 | D:5      | Found a glowing golden altar of the Shining One.
  6508 | D:5      | Noticed an angel
  6513 | D:5      | Found a basalt altar of Yredelemnul.
  6790 | D:5      | Killed Duvessa
  6790 | D:5      | Reached XP level 8. HP: 45/81 MP: 9/9
  6826 | D:5      | Killed Dowan
  6826 | D:5      | Reached skill level 1 in Stealth
  6839 | D:5      | Noticed a profane servitor
  6876 | D:6      | Found an opulent altar of Gozag.
  7197 | D:6      | Found an iron altar of Okawaru.
  7716 | D:6      | Found a staircase to the Ecumenical Temple.
  8498 | D:7      | Reached skill level 5 in Unarmed Combat
  8592 | D:7      | Reached *** piety under Cheibriados
  8723 | D:7      | Found Mudumn's General Store.
  8732 | D:7      | Bought a scroll of identify for 26 gold pieces
  8732 | D:7      | Bought a scroll of magic mapping for 45 gold pieces
  8732 | D:7      | Bought a potion of curing for 39 gold pieces
  8758 | D:7      | Noticed Pikel
  8807 | D:7      | Killed Pikel
  8807 | D:7      | Reached skill level 1 in Invocations
  8807 | D:7      | Reached XP level 9. HP: 46/93 MP: 10/10
  9074 | D:7      | Got an ichor-stained short sword
  9075 | D:7      | Identified the +8 short sword "Voepem" {freeze, rElec rPois Str+2 Int+3} (You found it on level 7 of the Dungeon)
  9832 | D:8      | Noticed Joseph
  9848 | D:8      | Slain by Joseph

Vault maps used:
D:1:      tarquinn_simple_flora_water_d, minmay_cupped
D:2:      lexackson_kobold_supper
D:3:      lemuel_castle_with_subvaults, hangedman_decor_growths
D:4:      grunt_temple_overflow_cloverleaf, first_bread
D:5:      grunt_temple_overflow_holy_war, serial_shops, nicolae_shop_trees,
          uniq_menkaure, uniq_duvessa, uniq_edmund
D:6:      nicolae_gozag_seed_capital, okawaru_trees_1, kb_lookout_dungeons_type,
          kennysheep_small_square
D:7:      serial_shops, shop, uniq_pikel
D:8:      grunt_pizzeria, roderic_lattice_a, uniq_joseph, uniq_maurice,
          uniq_grum

Skill      XL: |  1  2  3  4  5  6  7  8  9 |
---------------+----------------------------+-----
Fighting       | 2 3 4 5 7 |  7.4
Throwing       | 3 4 6 7 |  7.4
Maces & Flails | 1 2 |  2.3
Unarmed Combat | 1 2 3 5 6 |  6.1
Stealth        | 2 |  2.0
Dodging        | 2 3 |  3.2
Invocations    | 1 2 |  2.5
Spellcasting   | |  1.2
Hexes          | |  2.1

Action                   |  1- 3 |  4- 6 |  7- 9 || total
-------------------------+-------+-------+-------++-------
Melee: Unarmed           |    31 |     8 |       ||    39
       Club              |   190 |    43 |       ||   233
       Short sword       |       |   175 |   318 ||   493
       Halberd           |       |     5 |       ||     5
       Punch             |       |       |     4 ||     4
       Whip              |       |       |    27 ||    27
 Fire: Hunting sling     |       |    13 |       ||    13
Throw: Large rock        |     6 |     6 |     3 ||    15
       Stone             |   126 |    46 |    44 ||   216
       Throwing net      |     2 |     1 |     3 ||     6
 Cast: Corona            |    10 |       |     1 ||    11
       Slow              |     1 |     3 |       ||     4
  Use: Scroll            |     8 |     5 |     3 ||    16
       Potion            |     1 |     1 |     8 ||    10
 Stab: Sleeping          |       |       |     5 ||     5
  Eat: Chunk             |     6 |    10 |     6 ||    22
Armor: Robe              |   149 |    64 |    74 ||   287
       Skin              |       |    25 |       ||    25
Dodge: Dodged            |   233 |   139 |   158 ||   530
Block: Other             |     5 |    18 |    28 ||    51
